AoeStats
← Sr. Matanza

Migration

510028632Analyzed
1v1 RM · 4d ago on Sep 29, 2026· 36m 0s· 2 players
Game mode
Random Map
Map size
132×132
Population
200
Speed
Normal
Resources
Standard
Victory
Conquest
Starting age
Dark Age
Ending age
Imperial Age
RankedLock teamsTeams togetherTeam positionsShared explorationLock speedFull tech treeHidden civsTurbo modeCheats
Victory
Defeat
🇦🇷 Inca · Argentina
708
+17
🇦🇺 Khmer · Australia
738
-17
Sr. Matanza
13:11 Feudal Age
13:43 Double-Bit Axe
16:03 Forging
15:44 Fletching
19:17 Castle Age
17:29 Scale Mail Armor
17:32 Loom
17:45 Gold Mining
19:01 Fishing Lines
20:40 Iron Casting
20:20 Chain Mail Armor
22:31 Gold Shaft Mining
22:40 Gillnets
23:23 Champi Runner
24:12 Bodkin Arrow
24:54 Champi Warrior
26:29 Medium Warships
31:41 Imperial Age
29:10 Arson
33:20 Bracer
35:29 Wheelbarrow
34:43 Town Watch
Shartsmgoo
12:07 Feudal Age
12:51 Loom
15:32 Double-Bit Axe
19:28 Castle Age
18:34 Fishing Lines
19:36 Wheelbarrow
18:47 Town Watch
19:10 Gold Mining
21:40 Man-at-Arms
22:08 Arson
23:04 Long Swordsman
27:45 Medium Warships
28:10 Stone Mining
28:56 Gold Shaft Mining
29:21 Hand Cart
30:08 Crossbowman
31:23 Forging
32:47 Ballistics
32:23 Murder Holes
35:32 Imperial Age
34:18 Redemption
35:35 Fortified Wall
35:39 Bloodlines
35:32 Husbandry
36:14 Gillnets
36:52 Heavy Warships
Connection lost

Rejoining the realm…

Still unreachable

The connection could not be restored.

Session expired

The server has moved on; the page needs a fresh start.